 Dungeon Crawl Stone Soup version 0.30.1-4-g462c640d31 (webtiles) character file.

Game seed: 12086371109074705638

1433 ANON1729 the Trooper (level 8, -1/71 HPs)
             Began as a Minotaur Monk on Aug 10, 2023.
             Was a Follower of Uskayaw.
             Slain by a yak (9 damage)
             ... on level 6 of the Dungeon.
             The game lasted 00:03:12 (4449 turns).

ANON1729 the Trooper (Minotaur Monk)                Turns: 4449, Time: 00:03:12

Health: -1/71      AC:  8    Str: 13    XL:     8   Next: 45%
Magic:  10/10      EV: 13    Int:  9    God:    Uskayaw [*.....]
Gold:   364        SH:  0    Dex: 16    Spells: 7/7 levels left

rFire   . . .        B - +3 short sword
rCold   + + +        d - orb {light}
rNeg    + . .        y - +0 ring mail "Nuocus" {rC+++ rCorr Str-2 Int+2}
rPois   .            (helmet restricted)
rElec   .            p - +0 cloak
rCorr   +            q - +0 pair of gloves
SInv    +            (no boots)
Will    .....        g - amulet of regeneration
Stlth   +            h - ring of see invisible
HPRegen 1.11/turn    l - ring of positive energy
MPRegen 0.12/turn

%: no passive effects
@: glowing
A: horns 2, retaliatory headbutt
a: Renounce Religion, Stomp


You were on level 6 of the Dungeon.
You worshipped Uskayaw.
Uskayaw was noncommittal.
You visited 2 branches of the dungeon, and saw 8 of its levels.

You collected 364 gold pieces.

Inventory:

Hand Weapons
 a - a +0 short sword
 B - a +3 short sword (weapon)
 C - a +1 dagger of venom
Armour
 b - a +0 robe
 d - an orb of light (worn)
 p - a +0 cloak (worn)
 q - a +0 pair of gloves (worn)
 y - the +0 ring mail "Nuocus" (worn) {rC+++ rCorr Str-2 Int+2}
   (You found it on level 4 of the Dungeon)

   Str:       It affects your strength (-2).
   Int:       It affects your intelligence (+2).
   rC:        It renders you almost immune to cold.
   rCorr:     It protects you from acid and corrosion.
Jewellery
 f - a ring of ice
 g - an amulet of regeneration (around neck)
 h - a ring of see invisible (left hand)
 l - a ring of positive energy (right hand)
Wands
 r - a wand of polymorph (13)
 u - a wand of mindburst (20)
 v - a wand of flame (15)
Scrolls
 j - 4 scrolls of teleportation
 m - 3 scrolls of vulnerability
 n - a scroll of fog
 t - a scroll of enchant weapon
 w - 2 scrolls of torment
 F - 2 scrolls of blinking
 G - a scroll of poison
 H - a scroll of magic mapping
 J - a scroll of enchant armour {unknown}
Potions
 c - a potion of ambrosia
 i - a potion of mutation {unknown}
 k - 2 potions of might {unknown}
 o - a potion of degeneration {unknown}
 s - a potion of lignification {unknown}
 x - a potion of brilliance {unknown}
 z - 4 potions of resistance {unknown}
 A - a potion of berserk rage {unknown}
 D - 2 potions of curing {unknown}
 E - a potion of attraction {unknown}
 I - a potion of haste {unknown}


   Skills:
 + Level 6.7 Fighting
 + Level 6.1 Short Blades
 + Level 5.3 Armour
 + Level 6.0 Dodging
 + Level 4.4 Invocations


You had 7 spell levels left.
You didn't know any spells.
Your spell library contained the following spells:

 Spells                   Type           Power      Damage    Failure   Level
 Apportation              Tloc           0%         N/A       63%         1
 Necrotise                Necr           0%         1d4       63%         1
 Summon Small Mammal      Summ           0%         N/A       63%         1
 Ensorcelled Hibernation  Hex/Ice        0%         N/A       77%         2
 Spider Form              Tmut/Pois      0%         N/A       94%         3
 Volatile Blastmotes      Fire/Tloc      0%         2d10      94%         3
 Anguish                  Hex/Necr       0%         N/A       100%        4
 Animate Dead             Necr           0%         N/A       100%        4
 Fulminant Prism          Conj/Hex       0%         3d5       100%        4
 Iskenderun's Mystic Bla  Conj/Tloc      0%         2d3       100%        4
 Lee's Rapid Deconstruct  Erth           0%         3d4*      100%        5
 Simulacrum               Ice/Necr       0%         N/A       100%        6
 Haunt                    Necr/Summ      0%         N/A       100%        7
 Ozocubu's Refrigeration  Ice            0%         4d7       100%        7
 Infestation              Necr           0%         N/A       100%        8
 Polar Vortex             Ice            0%         N/A       100%        9


Dungeon Overview and Level Annotations

Branches:
Dungeon (7/15)             Temple (1/1) D:5

Altars:
Ashenzari
Cheibriados
Dithmenos
Fedhas
Gozag
Kikubaaqudgha
Makhleb
Nemelex Xobeh
Okawaru
Qazlal
Ru
Sif Muna
Trog
Uskayaw
Wu Jian
Xom
Yredelemnul

Shops:
D:1 [

Annotations:
D:3 3 runed translucent doors, Adimaniac's ghost, amateur DsBe; kalagan's ghost, amateur DECj
Temple 2 transporters


Innate Abilities, Weirdness & Mutations

You have a pair of horns on your head.
You reflexively headbutt those who attack you in melee.


Message History

The yak attacks as you move away! The yak gores you!
The orc wizard attacks as you move away!
The orc wizard closely misses you. You furiously retaliate!
You headbutt the orc wizard! The yak attacks as you move away!
The yak closely misses you. You furiously retaliate!
You headbutt the yak. The yak attacks as you move away! The yak gores you!
* * * LOW HITPOINT WARNING * * *
The orc wizard gestures wildly while chanting.
The orc wizard flickers and vanishes for a moment.
The yak attacks as you move away! The yak barely misses you.
You can no longer pass through a line of other dancers.
The yak attacks as you move away! The yak gores you!
* * * LOW HITPOINT WARNING * * *
The yak attacks as you move away! The yak gores you!
* * * LOW HITPOINT WARNING * * *
Okay, then.
The yak attacks as you move away! The yak misses you.
The yak attacks as you move away! The yak gores you.
* * * LOW HITPOINT WARNING * * *
There is a stone staircase leading up here.
The yak misses you.
You climb upwards.
There is a stone staircase leading down here.
You hit the yak. You headbutt the yak, but do no damage.
The yak is severely wounded.
The yak gores you!
* * * LOW HITPOINT WARNING * * *
You hit the yak. You headbutt the yak, but do no damage.
The yak is severely wounded.
The yak gores you but does no damage.
You hit the yak.
The yak is severely wounded.
You hit the yak.
The yak is almost dead.
The yak gores you.
* * * LOW HITPOINT WARNING * * *
You hit the yak but do no damage.
The yak is almost dead.
The yak gores you!
You die...

### #........ #.##
#.......# ##.######
#......## #.##...##
##<....#. #.#.....##
####.....
#........###....####
#...........#####
#........####
#..@Y....#
#........#
#........#
#........#
#........#
#........#
##......## ##....##
####.#


You could see a yak.

Vanquished Creatures
  Prince Ribbit (D:5)
  A water moccasin (D:6)
  Duvessa (D:7)
  2 centaurs
  4 phantoms
  A scorpion (D:5)
  Dowan (D:7)
  Crazy Yiuf (D:2)
  Jessica (D:2)
  A sleepcap (D:5)
  4 iguanas
  2 orc wizards (D:4)
  Robin (D:2)
  7 gnolls
  7 adders
  2 ufetubi
  2 dart slugs
  11 orcs
  6 ball pythons
  12 bats
  10 endoplasms
  A giant cockroach (D:4)
  14 goblins
  5 hobgoblins
  6 jackals
  5 kobolds
  3 quokkas
  3 rats (D:1)
115 creatures vanquished.

Notes
Turn   | Place    | Note
-------+----------+-------------------------------------------
     0 | D:1      | ANON1729 the Minotaur Monk began the quest for the Orb.
     0 | D:1      | Reached XP level 1. HP: 19/19 MP: 0/0
   164 | D:1      | Reached XP level 2. HP: 9/27 MP: 1/1
   408 | D:1      | Reached skill level 1 in Armour
   428 | D:1      | Found Jiezxy's Antique Armour Shop.
   664 | D:1      | Reached skill level 1 in Invocations
   664 | D:1      | Reached XP level 3. HP: 32/33 MP: 2/2
   864 | D:2      | Noticed Robin
   870 | D:2      | Noticed Jessica
   873 | D:2      | Killed Robin
   909 | D:2      | Killed Jessica
   910 | D:2      | Reached XP level 4. HP: 19/40 MP: 2/4
  1169 | D:2      | Found a runed translucent door.
  1170 | D:2      | Noticed Crazy Yiuf
  1289 | D:2      | Killed Crazy Yiuf
  1348 | D:3      | Found a runed translucent gate.
  1348 | D:3      | Found a runed translucent gate.
  1348 | D:3      | Found a runed translucent gate.
  1353 | D:3      | Noticed Adimaniac's ghost (amateur DsBe)
  1353 | D:3      | Noticed kalagan's ghost (amateur DECj)
  1471 | D:3      | Reached XP level 5. HP: 47/47 MP: 5/5
  1866 | D:4      | Found an ornate altar of the Wu Jian Council.
  1954 | D:4      | Reached XP level 6. HP: 50/55 MP: 6/6
  1969 | D:4      | Reached skill level 5 in Fighting
  2341 | D:4      | Identified the +0 ring mail "Nuocus" {rC+++ rCorr Str-2
                  | Int+2}
  2598 | D:5      | Entered Level 5 of the Dungeon
  2647 | D:5      | Found a staircase to the Ecumenical Temple.
  2782 | Temple   | Entered the Ecumenical Temple
  2782 | Temple   | Found a transporter.
  2782 | Temple   | Found a transporter.
  2784 | Temple   | Found a transporter.
  2784 | Temple   | Found a transporter.
  2798 | Temple   | Became a worshipper of Uskayaw the Reveller
  2798 | Temple   | Reached * piety under Uskayaw
  2923 | D:5      | Reached ** piety under Uskayaw
  2929 | D:5      | Reached *** piety under Uskayaw
  3022 | D:5      | Reached XP level 7. HP: 61/61 MP: 8/8
  3023 | D:5      | Reached **** piety under Uskayaw
  3024 | D:5      | Reached skill level 5 in Short Blades
  3041 | D:5      | Noticed Prince Ribbit
  3046 | D:5      | Reached skill level 5 in Dodging
  3050 | D:5      | Killed Prince Ribbit
  3652 | D:6      | Reached XP level 8. HP: 59/70 MP: 9/9
  3925 | D:6      | Reached skill level 5 in Armour
  4241 | D:7      | Noticed Dowan
  4242 | D:7      | Noticed Duvessa
  4257 | D:7      | Killed Dowan
  4258 | D:7      | Killed Duvessa
  4449 | D:6      | Slain by a yak

Illustrated notes

Levels and vault maps discovered:
D:1:      wheals_arrival_shading, layout_loops_ring, serial_shops, shop
D:2:      layout_rooms, uniq_jessica, uniq_robin, uniq_crazy_yiuf_cottage
D:3:      layout_rooms, gammafunk_ghost_cemetery
D:4:      layout_basic, lemuel_crystal_altar
D:5:      layout_basic, minmay_temple_entry_waves, minmay_misc_feat_pillars,
          kennysheep_doodads, minivault_25, grunt_ministairs_3, roderic_batcave,
          uniq_prince_ribbit1
D:6:      layout_cave_pods
D:7:      layout_layer_cave, mainiacjoe_overflow_brackets, uniq_menkaure,
          uniq_joseph, uniq_duvessa
Temple:   hellmonk_temple_divided_pantheon

Skill      XL: |  1  2  3  4  5  6  7  8 |
---------------+-------------------------+-----
Armour         | 1 2 3 4 5 |  5.3
Fighting       | 4 5 6 |  6.7
Invocations    | 1 2 3 4 |  4.4
Short Blades   | 4 5 6 |  6.1
Dodging        | 4 5 6 |  6.0

Action                     |  1- 3 |  4- 6 |  7- 9 || total
---------------------------+-------+-------+-------++-------
  Melee: Short sword       |    77 |   149 |   106 ||   332
         Headbutt          |     9 |    41 |    23 ||    73
    Use: Scroll            |       |       |     8 ||     8
   Stab: Paralysed         |       |       |     6 ||     6
 Armour: Robe              |    10 |    24 |     9 ||    43
         Ring mail         |       |       |     8 ||     8
  Dodge: Dodged            |    54 |    94 |    59 ||   207
